 Dungeon Crawl Stone Soup version 0.30-a0-137-gd8773701ce (webtiles) character file.

Game seed: 14660817844847710253

7042 zishaf the Zephyrmancer (level 11, 0/69 HPs)
             Began as a Tengu Air Elementalist on Sept 23, 2022.
             Was a Believer of Vehumet.
             Slain by a fire elemental (5 damage)
             ... summoned by a deep elf pyromancer
             ... on level 9 of the Dungeon.
             The game lasted 00:23:59 (11441 turns).

zishaf the Zephyrmancer (Tengu Air Elementalist)   Turns: 11441, Time: 00:24:00

Health: 0/69       AC:  7    Str: 15    XL:     11   Next: 9%
Magic:  1/18       EV: 15    Int: 20    God:    Vehumet [**....]
Gold:   624        SH: 10    Dex: 14    Spells: 5/18 levels left

rFire   + . .      SeeInvis .    h - +2 dagger (vamp)
rCold   + . .      Faith    .    j - +0 buckler
rNeg    . . .      Spirit   .    E - +0 steam dragon scales
rPois   .          Reflect  +    (helmet restricted)
rElec   +          Harm     .    J - +0 cloak
rCorr   .          Rampage  .    (no gloves)
Will    .....                    (boots unavailable)
Stlth   ++........               K - amulet of reflection
HPRegen 0.21/turn                k - ring of wizardry
MPRegen 0.16/turn                a - ring of Fiunumn {rElec rF+ rC+ Will- Str+6}

@: flying quickly and evasively, quick
A: beak, talons 3, nimble flight
a: Renounce Religion


You were on level 9 of the Dungeon.
You worshipped Vehumet.
Vehumet was pleased with you.
You visited 1 branch of the dungeon, and saw 9 of its levels.
You also visited: Ossuary.

You collected 687 gold pieces.
You spent 63 gold pieces at shops.

Inventory:

Hand Weapons
 e - a +1 hand axe of electrocution
 h - a +2 vampiric dagger (weapon)
 w - a +4 flail of holy wrath
Armour
 j - a +0 buckler (worn)
 t - a +1 robe of fire resistance
 E - +0 steam dragon scales (worn)
 F - a scarf of repulsion
 J - a +0 cloak (worn)
Jewellery
 a - the ring of Fiunumn (right hand) {rElec rF+ rC+ Will- Str+6}
   (You acquired it on level 4 of the Dungeon)

   [ring of protection from cold]

   Str:       It affects your strength (+6).
   rF:        It protects you from fire.
   rC:        It protects you from cold.
   rElec:     It insulates you from electricity.
   Will:      It decreases your willpower.
 g - a ring of fire
 k - a ring of wizardry (left hand)
 u - a +6 ring of strength
 v - a ring of willpower
 x - an amulet of the acrobat
 G - a ring of magical power
 K - an amulet of reflection (around neck)
Wands
 y - a wand of quicksilver (8)
 A - a wand of digging (5)
 L - a wand of iceblast (1)
Scrolls
 c - a scroll of noise
 d - a scroll of enchant armour
 f - 3 scrolls of identify
 i - 4 scrolls of fog
 D - a scroll of fear
 H - 2 scrolls of poison
 I - a scroll of teleportation
Potions
 b - 2 potions of magic
 l - 2 potions of lignification
 m - a potion of invisibility {unknown}
 n - 4 potions of heal wounds
 o - a potion of haste {unknown}
 p - 2 potions of brilliance {unknown}
 q - a potion of curing
 r - 2 potions of mutation {unknown}
 s - 2 potions of might {unknown}
 z - a potion of ambrosia {unknown}
 B - 3 potions of berserk rage {unknown}
 C - a potion of attraction {unknown}


   Skills:
 + Level 8.7 Fighting
 - Level 4.0 Armour
 - Level 4.0 Dodging
 - Level 2.0 Stealth
 - Level 5.0 Shields
 - Level 4.0 Spellcasting
 + Level 11.0 Conjurations
 + Level 11.0 Air Magic
 - Level 2.0 Poison Magic
 + Level 0.0 Evocations


You had 5 spell levels left.
You knew the following spells:

 Your Spells              Type           Power      Damage    Failure   Level
a - Shock                 Conj/Air       100%       1d9       1%          1
b - Airstrike             Air            24%        2d(4-20)  1%          4
z - Mephitic Cloud        Conj/Pois/Air  36%        N/A       1%          3
A - Static Discharge      Conj/Air       96%        2-6/arc   1%          2
C - Swiftness             Air            48%        N/A       1%          3

Your spell library contained the following spells:

 Spells                   Type           Power      Damage    Failure   Level
 Freeze                   Ice            16%        1d4       6%          1
 Magic Dart               Conj           100%       1d8       1%          1
 Dazzling Flash           Conj/Hex       52%        N/A       1%          3
 Necrotise                Necr           16%        1d4       6%          1
 Blink                    Tloc           8%         N/A       10%         2
 Call Imp                 Summ           4%         N/A       10%         2
 Lesser Beckoning         Tloc           4%         N/A       19%         3
 Vampiric Draining        Necr           4%         2d6       19%         3
 Silence                  Hex/Air        13%        N/A       19%         5
 Manifold Assault         Tloc           4%         N/A       52%         4
 Agony                    Necr           4%         N/A       85%         5


Dungeon Overview and Level Annotations

Branches:
Dungeon (9/15)             Temple (0/1) D:6         Ossuary (visited)
   Lair: D:8-11         Orc: D:9-12

Altars:
Fedhas
Makhleb
Ru
Sif Muna
Vehumet
Xom
The Shining One

Shops:
D:5 [

Annotations:
D:7 3 runed translucent doors, bootyos's ghost, novice TrGl


Innate Abilities, Weirdness & Mutations

You have a beak for a mouth.
You have claws for feet.
Your magical nature lets you fly swiftly and evasively.


Message History

The deep elf pyromancer blinks!
You block the fire elemental's attack.
Casting: Static Discharge (safe; 1% risk of failure)
Confirm with . or Enter, or press ? or * to list all spells.
The air crackles with electrical energy.
You are covered in liquid flames!
The fire elemental closely misses you. The fire elemental barely misses you.
The fire elemental closely misses you. You block the fire elemental's attack.
The fire elemental barely misses you.
Casting: Static Discharge (safe; 1% risk of failure)
Confirm with . or Enter, or press ? or * to list all spells.
Some blue arcs ground themselves harmlessly.
You are covered in liquid flames!
The fire elemental hits you. The fire elemental burns you! You resist.
The fire elemental closely misses you.
The fire elemental completely misses you.
The deep elf pyromancer closely misses you.
Casting: Static Discharge (safe; 1% risk of failure)
Confirm with . or Enter, or press ? or * to list all spells.
The deep elf pyromancer is struck by an arc of lightning.
The deep elf pyromancer is almost dead.
You block the fire elemental's attack. The fire elemental barely misses you.
The fire elemental hits you. The fire elemental burns you! You resist.
* * * LOW HITPOINT WARNING * * *
The deep elf pyromancer closely misses you.
Casting: Static Discharge (safe; 1% risk of failure)
Confirm with . or Enter, or press ? or * to list all spells.
The deep elf pyromancer is struck by an arc of lightning.
The deep elf pyromancer is almost dead.
You resist.
You are struck by an arc of lightning.
The fire elemental hits you. The fire elemental burns you! You resist.
* * * LOW HITPOINT WARNING * * *
The fire elemental hits you. The fire elemental burns you! You resist.
* * * LOW HITPOINT WARNING * * *
You block the fire elemental's attack. The fire elemental hits you.
* * * LOW HITPOINT WARNING * * *
The fire elemental burns you! You resist.
* * * LOW HITPOINT WARNING * * *
The deep elf pyromancer hits you but does no damage.
The fire elemental hits you. The fire elemental burns you! You resist.
You die...

.. #......# #...# #..<.###
#...# ##....# #...#
#.....##+ # #...#
#........ ..
#...######........
...######...............).
........E.E........#'####.
........e@.........#....#.
........E..#####...#....#
...........#...#...#....#
........#..#...#...#....#
........#..#...#...#....#
........#..#...#...#....##
........#..#...#...'[....#
.......[#..'...#...'....##
...######..#...#...#....#


You could see a deep elf pyromancer and 3 fire elementals.

Vanquished Creatures
  Pikel (D:4)
  A deep elf pyromancer (D:9)
  2 trolls (D:9)
  Grinder (D:6)
  7 yaks (D:8)
  Eustachio (D:5)
  3 steam dragons
  Edmund (D:5)
  3 water moccasins
  Duvessa (D:7)
  4 black bears
  4 ice beasts
  2 sky beasts
  An ogre (D:4)
  2 phantoms
  Blork the orc (D:6)
  2 kobold brigands
  6 bullfrogs
  A gnoll sergeant (D:7)
  5 scorpions
  A necrophage (D:8)
  5 wights
  Dowan (D:7)
  6 killer bees (D:6)
  2 centaur zombies (Ossuary)
  A hound (D:4)
  A human zombie (Ossuary)
  2 jellies
  3 orc priests (D:6)
  2 gnoll boudas
  2 iguanas (D:6)
  7 orc wizards
  3 scorpion zombies (Ossuary)
  An ogre zombie (Ossuary)
  10 gnolls
  4 adders
  2 shadow imps
  2 white imps
  A worm (D:5)
  3 dart slugs
  19 orcs
  8 bats
  A bat skeleton (D:2)
  A bat zombie (D:2)
  7 endoplasms
  A giant cockroach (D:2)
  2 gnoll zombies (Ossuary)
  5 goblins
  8 hobgoblins
  3 jackals (D:3)
  3 quokkas
  8 ball pythons
  3 frilled lizards
  3 goblin zombies (Ossuary)
  3 hobgoblin zombies (Ossuary)
  9 kobolds
  3 orc zombies (Ossuary)
  A quokka skeleton (D:2)
  3 rats
199 creatures vanquished.

Vanquished Creatures (collateral kills)
  A rat (D:3)
1 creature vanquished.

Vanquished Creatures (others)
  3 yaks (D:8)
  An orc (D:8)
  A plant (D:9)
5 creatures vanquished.

Grand Total: 205 creatures vanquished

Notes
Turn   | Place    | Note
-------+----------+-------------------------------------------
     0 | D:1      | zishaf the Tengu Air Elementalist began the quest for the
                  | Orb.
     0 | D:1      | Reached XP level 1. HP: 10/10 MP: 4/4
   225 | D:1      | Reached XP level 2. HP: 16/16 MP: 3/6
   229 | D:1      | Learned a level 2 spell: Static Discharge
  1126 | D:2      | Found a burning altar of Makhleb.
  1139 | D:2      | Reached XP level 3. HP: 20/20 MP: 2/7
  1193 | D:2      | Learned a level 3 spell: Swiftness
  1239 | D:2      | Reached skill level 1 in Fighting
  1280 | D:2      | Identified the +0 robe of Liberty {rF+}
  1791 | D:2      | Found a faded altar of an unknown god.
  2368 | D:3      | Reached XP level 4. HP: 18/25 MP: 6/9
  2785 | D:3      | Learned a level 3 spell: Mephitic Cloud
  2896 | D:3      | Noticed a scorpion
  2903 | D:3      | Killed a scorpion
  2904 | D:3      | Gained mutation: Your magical nature lets you fly swiftly
                  | and evasively. [Tengu growth]
  2904 | D:3      | Reached XP level 5. HP: 17/30 MP: 0/11
  3140 | D:3      | Found a blossoming altar of Fedhas.
  3175 | D:3      | Reached skill level 5 in Air Magic
  3384 | D:3      | Reached skill level 1 in Poison Magic
  3574 | D:3      | Reached XP level 6. HP: 8/35 MP: 3/12
  3988 | D:4      | Identified a scroll of acquirement
  3988 | D:4      | Acquired the ring of Fiunumn {rElec rF+ rC+ Will- Str+6}
  4010 | D:4      | Noticed a black bear
  4222 | D:4      | Learned a level 4 spell: Airstrike
  4369 | D:4      | Identified the +0 leather armour "Vuapnerph" {Fly Int+2
                  | Dex-3}
  4452 | D:4      | Killed a black bear
  4453 | D:4      | Reached XP level 7. HP: 35/41 MP: 6/14
  4528 | D:4      | Noticed Pikel
  4544 | D:4      | Killed Pikel
  4545 | D:4      | Reached XP level 8. HP: 9/48 MP: 1/15
  4997 | D:5      | Entered Level 5 of the Dungeon
  5048 | D:5      | Found Loaforgh's Armour Emporium.
  5054 | D:5      | Bought a +0 buckler for 63 gold pieces
  5379 | D:5      | Noticed Edmund
  5390 | D:5      | Killed Edmund
  5391 | D:5      | Reached skill level 1 in Shields
  5664 | D:5      | Reached skill level 5 in Fighting
  6104 | D:5      | Noticed Eustachio
  6124 | D:5      | Killed Eustachio
  6358 | D:6      | Found a shimmering blue altar of Sif Muna.
  6399 | D:6      | Found a sand-covered staircase.
  6408 | Ossuary  | Entered an ossuary
  6517 | Ossuary  | Reached XP level 9. HP: 32/54 MP: 0/16
  7062 | Ossuary  | Noticed a silent spectre
  7245 | D:6      | Noticed Grinder
  7252 | D:6      | Killed Grinder
  7490 | D:6      | Found a radiant altar of Vehumet.
  7503 | D:6      | Noticed Blork the orc
  7538 | D:6      | Became a worshipper of Vehumet
  7566 | D:6      | Killed Blork the orc
  7974 | D:6      | Found a sacrificial altar of Ru.
  8245 | D:6      | Found a staircase to the Ecumenical Temple.
  8260 | D:6      | Reached * piety under Vehumet
  8260 | D:6      | Offered knowledge of Foxfire by Vehumet.
  8438 | D:6      | Reached XP level 10. HP: 25/61 MP: 17/17
  8445 | D:6      | Reached skill level 5 in Shields
  8450 | D:6      | Reached skill level 10 in Air Magic
  8966 | D:7      | Noticed bootyos's ghost (novice TrGl)
  9230 | D:7      | Noticed Duvessa
  9238 | D:7      | Killed Duvessa
  9279 | D:7      | Noticed Dowan
  9296 | D:7      | Killed Dowan
  9424 | D:7      | Found a runed translucent gate.
  9424 | D:7      | Found a runed translucent gate.
  9424 | D:7      | Found a runed translucent gate.
  9743 | D:7      | Reached skill level 1 in Armour
  9964 | D:8      | Reached skill level 10 in Conjurations
 10143 | D:8      | Offered knowledge of Freeze by Vehumet.
 10152 | D:8      | Reached ** piety under Vehumet
 10602 | D:8      | Found a burning altar of Makhleb.
 10653 | D:8      | Found a shimmering altar of Xom.
 11051 | D:8      | Found a glowing golden altar of the Shining One.
 11177 | D:9      | Noticed a deep elf pyromancer
 11294 | D:9      | Reached XP level 11. HP: 65/69 MP: 8/18
 11296 | D:9      | Killed a deep elf pyromancer
 11428 | D:9      | Noticed a deep elf pyromancer
 11441 | D:9      | Slain by a fire elemental

Illustrated notes

Levels and vault maps discovered:
D:1:      amcnicky_arrival_feature_with_door, layout_basic
D:2:      layout_basic, basic_altar, serial_undead, serial_undead_a,
          serial_undead_e, serial_undead_d, serial_undead_e,
          nicolae_ecumenical_lake_church
D:3:      minmay_wonky_spiral, layout_basic, amcnicky_altar_gilded,
          skrybe_limestone_x, minmay_misc_feat_room, minmay_parallelograms,
          chequers_serial_rivers_room_b
D:4:      layout_basic, uniq_pikel
D:5:      layout_cave_pods, serial_shops, shop, st_stairs_14, minivault_26,
          solitary_fountain, uniq_edmund, uniq_eustachio
D:6:      cheibrodos_helix_gallery, layout_cave_pools,
          mainiacjoe_overflow_brackets, nicolae_vehumet_altar_sigil,
          nicolae_sif_muna_condensation, minmay_temple_entry_antechambers,
          lightli_ossuary_entry_decrepit_ruins, minmay_misc_feat_alley,
          minmay_liquid_box, grunt_ministairs_4, uniq_blork_the_orc,
          uniq_grinder
D:7:      layout_basic, gammafunk_ghost_icy, uniq_duvessa
D:8:      layout_rooms, xom_confusion_cloud, mainiacjoe_overflow_alcove_2,
          bloody_makhleb
D:9:      minmay_cut_squares, layout_irregular_city, serial_bayou_pond_d

Skill      XL: |  1  2  3  4  5  6  7  8  9 10 11 |
---------------+----------------------------------+-----
Conjurations   | 2 3 4 6 7 9 10 11 | 11.0
Fighting       | 1 2 3 4 5 6 8 |  8.7
Spellcasting   | 3 4 |  4.0
Air Magic      | 5 6 7 8 9 11 | 11.0
Poison Magic   | 1 2 |  2.0
Shields        | 2 4 5 |  5.0
Armour         | 3 4 |  4.0
Dodging        | 4 |  4.0
Stealth        | |  2.0

Action                   |  1- 3 |  4- 6 |  7- 9 | 10-12 || total
-------------------------+-------+-------+-------+-------++-------
Melee: Unarmed           |     4 |       |       |       ||     4
       Kick              |     4 |     2 |    51 |    12 ||    69
       Hand axe          |     8 |       |       |       ||     8
       Peck              |     8 |       |    26 |     9 ||    43
       Dagger            |    30 |    11 |   134 |    44 ||   219
 Cast: Shock             |    75 |    57 |    49 |     4 ||   185
       Static Discharge  |     1 |    16 |    81 |   101 ||   199
       Mephitic Cloud    |       |     4 |     5 |     3 ||    12
       Airstrike         |       |       |     3 |     5 ||     8
  Use: Scroll            |       |     7 |     6 |     5 ||    18
       Potion            |       |       |     1 |     1 ||     2
 Stab: Sleeping          |     2 |       |     2 |       ||     4
       Confused          |       |     2 |       |       ||     2
       Distracted        |       |       |       |     1 ||     1
Armor: Robe              |     8 |     3 |    15 |       ||    26
       Skin              |       |       |    47 |       ||    47
       Steam dragon scal |       |       |     5 |    28 ||    33
Dodge: Dodged            |    42 |    12 |   103 |   117 ||   274
       Repelled          |       |       |       |     2 ||     2
Block: Buckler           |       |       |    42 |    49 ||    91

Table legend: (Time is in decaauts)
 A = Elapsed time spent in this place.
 B = Non-inter-level travel time spent in this place.
 C = Inter-level travel time spent in this place.
 D = Time resting spent in this place.
 E = Time spent auto-exploring this place.
 F = Levels seen in this place.
 G = Mean time per level.
                   A        B        C        D        E       F      G
               +--------+--------+--------+--------+--------+-----+--------+
         Total |  11125 |  10849 |    276 |   2160 |   7028 |  10 | 1112.5 |
       Dungeon |  10438 |  10162 |    276 |   1683 |   7027 |   9 | 1159.8 |
       Ossuary |    687 |    687 |      0 |    477 |      0 |   1 |  687.0 |
               +--------+--------+--------+--------+--------+-----+--------+

Top non-repeatable levels by time:
     D:6: 1593 daAuts
     D:3: 1545 daAuts
     D:7: 1291 daAuts
     D:5: 1284 daAuts
     D:1: 1173 daAuts
     D:8: 1162 daAuts
     D:2: 1115 daAuts
     D:4: 1093 daAuts
 Ossuary: 687 daAuts
     D:9: 176 daAuts
